 Dungeon Crawl Stone Soup version 0.32-a0-17-gb74e046682 (webtiles) character file.

Game seed: 3053991930566533771

813133 cforsyth the Conqueror (level 27, -17/191 (323) HPs)
             Began as an Oni Shapeshifter on Jan 15, 2024.
             Was the Champion of Qazlal.
             Killed by dispel undead
             ... invoked by a Tzitzimitl
              (41 damage)
             ... on level 5 of Tartarus on Jan 16, 2024.
             The game lasted 02:37:08 (73366 turns).

cforsyth the Conqueror (Oni Shapeshifter)          Turns: 73366, Time: 02:37:08

HP:   -17/191 (323) AC: 23    Str: 46      XL:     27
MP:   55/55         EV: 12    Int: 20      God:    Qazlal [******]
Gold: 8578          SH: 23    Dex:  8 (12) Spells: 62/64 levels left

rFire   + +          .
                       - Unarmed
rCold   + + +        O - +0 kite shield {reflect}
rNeg    + + +        Q - +6 swamp dragon scales of Vufama {rPois Int+6}
rPois   ∞            I - +2 hat
rElec   +            z - scarf "Ybosk" {rC+ rF+, Str+2 Int+3}
rCorr   .            (gloves unavailable)
SInv    +            (boots unavailable)
Will    +....        s - amulet of Tempters {Reflect rElec rC++ SH+5} Stlth
                     S - ring "Ruutriba" {rF+ MP+9 Str+4 Dex+4}
HPRegen 0.51/turn    Y - ring "Totiok" {rC+ Str+4 SInv}
MPRegen 0.34/turn

%: repel missiles, reflection
@: death-form, protected from physical damage, slowed, studying 4 skills,
silenced, very heavily drained, weak-willed, very slow
A: vile attack, torment immunity, no potions, large, unfitting armour, horns 1,
tough skin 1, double potion healing, drunken brawling, mutation resistance 1,
screaming 1
}: 5/15 runes: serpentine, barnacled, slimy, silver, abyssal
a: Siphon Essence, Begin Untransformation, Renounce Religion


You were on level 5 of Tartarus.
You worshipped Qazlal.
Qazlal was exalted by your worship.
You were an undying horror.
You visited 14 branches of the dungeon, and saw 62 of its levels.
You visited the Abyss 5 times.
You visited 1 bazaar.
You also visited: Ice Cave, Wizlab and Desolation.

You collected 9535 gold pieces.
You spent 957 gold pieces at shops.

Inventory:

Missiles
 t - a throwing net (quivered)
Armour
 z - the scarf "Ybosk" (worn) {rC+ rF+, Str+2 Int+3}
   (You acquired it on level 15 of the Dungeon)

   Str+2:     It affects your strength (+2).
   Int+3:     It affects your intelligence (+3).
 I - a +2 hat (worn)
 L - the +1 cloak "Vyppu" {Int+2 Slay+3}
   (You found it on level 15 of the Dungeon)

   Int+2:     It affects your intelligence (+2).
   Slay+3:    It affects your accuracy & damage with ranged weapons and melee
   (+3).
 O - a +0 kite shield of reflection (worn)
 Q - the +6 swamp dragon scales of Vufama (worn) {rPois Int+6}
   (You found it on level 1 of the Vaults)

   Int+6:     It affects your intelligence (+6).
   rPois:     It protects you from poison
 W - a +1 cloak of willpower
Jewellery
 a - the ring of the Clam {rPois rN+ MP+9 Str+3}
   (You took it off a hell knight on level 1 of the Depths)

   [ring of poison resistance]

   Str+3:     It affects your strength (+3).
   rPois:     It protects you from poison rN+: It protects you from negative
   energy.
   MP+9:      It affects your magic capacity (+9).
 c - the ring "Laonay" {*Corrode rF+ rN+ Will+ Dex+2}
   (You took it off a merfolk on level 1 of the Shoals)

   [ring of positive energy]

   Dex+2:     It affects your dexterity (+2).
   rF+:       It protects you from fire.
   rN+:       It protects you from negative energy.
   Will+:     It increases your willpower.
   *Corrode:  It may corrode you when you take damage.
 f - the ring "Safuphu" {rC+ SInv}
   (You took it off a deep elf blademaster on level 3 of the Elven Halls)

   [ring of see invisible]

   rC+:       It protects you from cold.
   SInv:      It lets you see invisible.
 i - the amulet "Otis" {Regen+ Str+4 Int+5}
   (You found it on level 5 of the Pits of Slime)

   [amulet of regeneration]

   Str+4:     It affects your strength (+4).
   Int+5:     It affects your intelligence (+5).
   Regen+:    It increases your rate of health regeneration.
 j - the ring "Zauklysu" {Fly rPois Str+2 Int-3 Dex+4}
   (You took it off an ironbound convoker in the Desolation of Salt)

   [ring of flight]

   Str+2:     It affects your strength (+2).
   Int-3:     It affects your intelligence (-3).
   Dex+4:     It affects your dexterity (+4).
   rPois:     It protects you from poison Fly: It grants you flight.
 m - the amulet of Ruatz {Spirit rElec Dex+2 Slay+2}
   (You found it on level 3 of the Crypt)

   [amulet of guardian spirit]

   Spirit:    It causes incoming damage to be divided between your reserves of
   health and magic.
   Dex+2:     It affects your dexterity (+2).
   Slay+2:    It affects your accuracy & damage with ranged weapons and melee
   (+2).
   rElec:     It insulates you from electricity.
 s - the amulet of Tempters (around neck) {Reflect rElec rC++ SH+5}
   (You found it on level 5 of the Pits of Slime)

   [amulet of reflection]

   Reflect:   It reflects blocked missile attacks.
   rC++:      It greatly protects you from cold.
   rElec:     It insulates you from electricity.
   SH+5:      It affects your SH (+5).
 R - the ring of Incredulity {rCorr Dex+6}
   (You found it on level 1 of the Depths)

   [ring of dexterity]

   Dex+6:     It affects your dexterity (+6).
   rCorr:     It protects you from acid and corrosion.
 S - the ring "Ruutriba" (left hand) {rF+ MP+9 Str+4 Dex+4}
   (You took it off a fire giant on level 5 of the Vaults)

   [ring of protection from fire]

   Str+4:     It affects your strength (+4).
   Dex+4:     It affects your dexterity (+4).
   rF+:       It protects you from fire.
   MP+9:      It affects your magic capacity (+9).
 Y - the ring "Totiok" (right hand) {rC+ Str+4 SInv}
   (You took it off a ragged hierophant in the Desolation of Salt)

   [ring of see invisible]

   Str+4:     It affects your strength (+4).
   rC+:       It protects you from cold.
   SInv:      It lets you see invisible.
Talismans
 d - a talisman of death (active)
 N - a granite talisman
Wands
 h - a wand of mindburst (44)
 r - a wand of iceblast (53)
 G - a wand of acid (27)
 H - a wand of digging (5)
 U - a wand of flame (109)
Scrolls
 b - 7 scrolls of immolation
 k - 8 scrolls of fear
 l - 8 scrolls of enchant armour
 n - 4 scrolls of torment
 o - 13 scrolls of fog
 p - 4 scrolls of poison
 v - 7 scrolls of vulnerability
 B - 2 scrolls of silence
 C - 15 scrolls of teleportation
 D - 8 scrolls of revelation
 F - 5 scrolls of butterflies
 P - a scroll of brand weapon
Potions
 e - 9 potions of cancellation
 g - 25 potions of curing
 q - 9 potions of resistance
 u - 8 potions of brilliance
 w - 3 potions of might
 x - 4 potions of enlightenment
 y - 5 potions of magic
 A - 10 potions of haste
 E - 4 potions of invisibility
 J - 4 potions of ambrosia
 K - a potion of heal wounds
 M - 8 potions of lignification
 V - 10 potions of mutation
 X - 5 potions of berserk rage
 Z - 5 potions of attraction


   Skills:
 O Level 27 Fighting
 - Level 12.6 Armour
 - Level 13.2 Dodging
 + Level 10.5 Shields
 O Level 27 Unarmed Combat
 - Level 19.2 Spellcasting
 + Level 8.1 Conjurations
 - Level 15.9 Fire Magic
 - Level 15.1 Invocations
 O Level 27 Shapeshifting


You had 62 spell levels left.
You knew the following spells:

 Your Spells              Type           Power      Damage    Failure   Level
a - Blink                 Tloc           38%        N/A       7%          2

Your spell library contained the following spells:

 Spells                   Type           Power      Damage    Failure   Level
 Scorch                   Fire           100%       2d9       0%          2
 Kiss of Death            Conj/Necr      100%       2d13      1%          1
 Sting                    Conj/Alch      100%       1d9       1%          1
 Momentum Strike          Conj/Tloc      70%        3d9       1%          2
 Static Discharge         Conj/Air       70%        3-6/arc   1%          2
 Inner Flame              Hex/Fire       50%        N/A       1%          3
 Volatile Blastmotes      Fire/Tloc      100%       2d18      1%          3
 Ignite Poison            Fire/Alch      50%        N/A       1%          4
 Fireball                 Conj/Fire      30%        3d13      1%          5
 Dazzling Flash           Conj/Hex       70%        N/A       2%          3
 Hailstorm                Conj/Ice       35%        3d8       2%          3
 Stone Arrow              Conj/Erth      70%        3d11      2%          3
 Apportation              Tloc           38%        N/A       4%          1
 Necrotise                Necr           76%        1d7       4%          1
 Sandblast                Erth           38%        2d10      4%          1
 Slow                     Hex            76%        N/A       4%          1
 Summon Small Mammal      Summ           76%        N/A       4%          1
 Mephitic Cloud           Conj/Alch/Air  30%        N/A       4%          3
 Starburst                Conj/Fire      30%        6d9       4%          6
 Cigotuvi's Dreadful Rot  Necr/Alch/Air  38%        N/A       7%          2
 Ensorcelled Hibernation  Hex/Ice        38%        N/A       7%          2
 Jinxbite                 Hex            38%        N/A       7%          2
 Lesser Beckoning         Tloc           38%        N/A       7%          2
 Mercury Vapours          Alch/Air       38%        N/A       7%          2
 Sublimation of Blood     Necr           19%        N/A       7%          2
 Brom's Barrelling Bould  Conj/Erth      35%        2d5       9%          4
 Fulminant Prism          Conj/Alch      17%        3d10      9%          4
 Iskenderun's Mystic Bla  Conj/Tloc      35%        2d8       9%          4
 Call Canine Familiar     Summ           19%        N/A       13%         3
 Confusing Touch          Hex            19%        N/A       13%         3
 Frozen Ramparts          Ice            38%        1d6       13%         3
 Fugue of the Fallen      Necr           19%        N/A       13%         3
 Gell's Gravitas          Tloc           19%        N/A       13%         3
 Ozocubu's Armour         Ice            19%        N/A       13%         3
 Passwall                 Erth           19%        N/A       13%         3
 Sigil of Binding         Hex            19%        N/A       13%         3
 Teleport Other           Tloc           19%        N/A       13%         3
 Tukima's Dance           Hex            19%        N/A       13%         3
 Vampiric Draining        Necr           19%        2d7       13%         3
 Arcjolt                  Conj/Air       17%        1d27      22%         5
 Plasma Beam              Fire/Air       25%        2x1d37    26%         6
 Freezing Cloud           Conj/Ice/Air   15%        6-21      36%         5
 Airstrike                Air            9%         2d(2-18)  41%         4
 Anguish                  Hex/Necr       9%         N/A       41%         4
 Cause Fear               Hex            9%         N/A       41%         4
 Dimensional Bullseye     Hex/Tloc       9%         N/A       41%         4
 Dispel Undead            Necr           19%        3d11      41%         4
 Manifold Assault         Tloc           19%        N/A       41%         4
 Olgreb's Toxic Radiance  Alch           19%        N/A       41%         4
 Summon Lightning Spire   Summ/Air       19%        N/A       41%         4
 Alistair's Intoxication  Alch           12%        N/A       77%         5
 Borgnjor's Vile Clutch   Necr/Erth      9%         N/A       77%         5
 Curse of Agony           Necr           19%        N/A       77%         5
 Metabolic Englaciation   Hex/Ice        9%         N/A       77%         5
 Summon Forest            Summ/Tloc      9%         N/A       77%         5
 Summon Mana Viper        Hex/Summ       19%        N/A       77%         5
 Yara's Violent Unravell  Hex/Alch       9%         3d6       77%         5
 Conjure Ball Lightning   Conj/Air       17%        3x3d6     77%         6
 Dispersal                Tloc           9%         N/A       100%        6
 Eringya's Noxious Bog    Alch           9%         4d6       100%        6
 Sculpt Simulacrum        Ice/Alch       9%         N/A       100%        6
 Summon Cactus Giant      Summ           9%         N/A       100%        6
 Enfeeble                 Hex            9%         N/A       100%        7
 Malign Gateway           Summ/Tloc      9%         N/A       100%        7
 Ozocubu's Refrigeration  Ice            9%         4d9       100%        7
 Borgnjor's Revivificati  Necr           9%         N/A       100%        8
 Discord                  Hex            9%         N/A       100%        8
 Disjunction              Tloc           9%         N/A       100%        8
 Infestation              Necr           9%         N/A       100%        8
 Maxwell's Capacitive Co  Air            9%         ∞         100%        8
 Summon Horrible Things   Summ           9%         N/A       100%        8
 Fire Storm               Conj/Fire      30%        8d8       100%        9
 Polar Vortex             Ice            9%         12d1*     100%        9


Dungeon Overview and Level Annotations

Branches:
Dungeon (15/15)            Temple (1/1) D:6            Lair (5/5) D:10
 Shoals (4/4) Lair:3        Snake (4/4) Lair:2        Slime (5/5) Lair:4
    Orc (2/2) D:10            Elf (3/3) Orc:2        Vaults (5/5) D:14
  Crypt (3/3) Vaults:3       Tomb (0/3) Crypt:3      Depths (4/4) D:15
   Hell (visited)             Dis (0/7) Hell            Geh (0/7) Hell
    Coc (0/7) Hell            Tar (5/7) Hell            Zot (5/5) Depths:4
  IceCv (visited)          WizLab (visited)         Desolation (visited)

Altars:
Ashenzari
Cheibriados
Dithmenos
Elyvilon
Fedhas
Gozag
Hepliaklqana
Kikubaaqudgha
Makhleb
Nemelex Xobeh
Okawaru
Qazlal
Ru
Sif Muna
Trog
Uskayaw
Vehumet
Wu Jian
Xom
Yredelemnul
Zin
The Shining One
Jiyva
Lugonu

Shops:
D:1 *   Orc:2 [[[*   Elf:1 *   Elf:3 (   Shoals:3 (   Snake:1 (   Snake:3 ![:
Vaults:1 *   Vaults:4 [   Vaults:5 ?   Depths:4 (?=(

Portals:
Hell: Depths:1 Depths:2 Depths:3 Depths:4
Abyss: Lair:5 Depths:3 Depths:4
Pandemonium: Depths:2 Depths:3
Ziggurat: Depths:3
Trove: Depths:2 (give 8 potions of haste)

Annotations:
Depths:4 2 transporters, SlowGraham's ghost, veteran MiFi


Innate Abilities, Weirdness & Mutations

You are an undying horror.
Your melee and unarmed attacks drain, slow and weaken victims.
You are immune to unholy pain and torment.
You cannot drink.
You are immune to poison.
You are too large for most types of armour.
You have a pair of small horns on your head.
You have tough skin. (AC +1)
You gain doubled healing and magic from potions.
Whenever you drink a healing potion, you attack all around you.
You are somewhat resistant to further mutation.
You occasionally shout uncontrollably at your foes.


Message History

The bone dragon bites you but does no damage.
You block the bone dragon's attack. The bone dragon tramples you!
You hold your ground!
The bone dragon is engulfed in a thunderstorm.
You block the bone dragon's attack. x2
The bone dragon tramples you but does no damage.
The Tzitzimitl engulfs you. The Tzitzimitl drains your vigour!
You feel yourself slow down. The Tzitzimitl misses you.
The bone dragon bites you but does no damage.
The bone dragon claws you but does no damage.
The bone dragon tramples you but does no damage.
You hit the bone dragon but do no damage.
You headbutt the bone dragon.
The bone dragon is almost destroyed.
You block the bone dragon's attack. x2
The bone dragon tramples you but does no damage.
The Tzitzimitl is engulfed in a thunderstorm.
You block the Tzitzimitl's attack.
The Tzitzimitl bites you but does no damage.
The bone dragon closely misses you.
The bone dragon claws you but does no damage.
The bone dragon tramples you but does no damage.
You pummel the bone dragon like a punching bag!!!
You destroy the bone dragon!
Qazlal accepts your kill.
The silent spectre flutters as if in a wind.
You block the silent spectre's attack.
The spectral iron dragon bites you but does no damage.
You block the spectral iron dragon's attack. x2
The Tzitzimitl gestures at you.
You convulse!
* * * LOW HITPOINT WARNING * * *
The silent spectre barely misses you.
There is a gateway leading out of Tartarus here.
You block the bone dragon's attack. x2; The bone dragon tramples you!
* * * LOW HITPOINT WARNING * * *
You stumble backwards!
You stop ascending the stairs.
The Tzitzimitl gestures at you.
You convulse!
You die...

....###.....#....
#>..............
#...............
#.......#.......
##.......§.......
#......°°........
......§W☼Z.......
##....§DD.§......
##...§1z.##...##
#...°.°.# ##...
#........# ...
........... ..
##........^.
#.#.........
..####.......
####.....


You could see 2 bone dragons, a Tzitzimitl (unsilenced), a silent spectre
(silencing) and a spectral iron dragon (slow, weak).

Vanquished Creatures
  Dissolution (Slime:2)
  the Royal Jelly (Slime:5)
  10 dread liches
  7 ancient liches
  5 orbs of fire
  4 juggernauts (Depths:3)
  Bai Suzhen (Snake:3)
  Sojobo (Crypt:2)
  The ghost of Zogul the Impregnable, a veteran MiGl of Hepliaklqana (Crypt:1)
  4 Killer Klowns
  Vv (Crypt:3)
  Saint Roka (Elf:2)
  Margery (Depths:4)
  A caustic shrike (Depths:3)
  Geryon (Hell)
  2 curse toes
  The ghost of ShellytheWitch the Imperceptible, a veteran KoBr of Dithmenos (Elf:3)
  10 golden dragons
  Norris (Elf:2)
  A profane servitor (Tar:4)
  14 bone dragons
  5 Tzitzimimeh
  5 electric golems
  18 tentacled monstrosities
  A shard shrike zombie (Hell)
  6 doom hounds
  3 walking earthen tomes
  4 tainted leviathans
  A Hell Sentinel (Abyss:3)
  11 liches
  4 deep elf blademasters
  A walking divine tome (WizLab)
  25 Orb Guardians (Zot:5)
  8 titans
  27 acid blobs
  A walking frostbound tome (WizLab)
  8 searing wretches
  An Executioner (Abyss:3)
  9 death cobs
  7 quicksilver dragons
  3 ancient champions
  A deep elf master archer (Elf:3)
  9 sphinxes
  4 krakens
  16 tentacled starspawn
  The ghost of cforsyth the Warrior, a journeyman OnSh of Qazlal (Lair:5)
  13 tengu reavers
  Donald (Shoals:1)
  17 azure jellies
  16 shadow dragons
  Agnes (Elf:2)
  19 storm dragons
  Aizul (Snake:1)
  2 revenants (Crypt:3)
  The ghost of Kidef the Severer, an adept FoFi of Okawaru (D:15)
  7 draconian monks
  Roxanne (D:15)
  Ilsuiw (Shoals:3)
  7 nagarajas
  6 protean progenitors
  5 draconian shifters
  13 fire giants
  A strange machine (WizLab)
  7 draconian knights
  23 vault wardens
  8 iron dragons
  8 deep elf sorcerers
  An imperial myrmidon (Desolation)
  20 rockslimes
  3 spectral caustic shrikes
  4 cacodemons
  5 ghost moths
  A ghost moth (shapeshifter) (Abyss:3)
  8 frost giants
  A caustic shrike zombie (Tar:1)
  3 deep elf elementalists
  6 draconian scorchers
  A spectral juggernaut (Tar:3)
  4 orc warlords
  3 curse skulls
  6 draconian stormcallers
  9 reapers (Hell)
  5 ghouls (Crypt:1)
  16 ironbound preservers
  16 quicksilver oozes
  An angel (Shoals:4)
  7 draconian annihilators
  20 formless jellyfish
  A juggernaut skeleton (Abyss:3)
  8 putrid mouths
  5 ironbound thunderhulks
  A spectral titan (Tar:3)
  10 deep elf demonologists
  18 very ugly things
  11 black draconians
  5 deep elf annihilators
  5 spark wasps
  26 stone giants
  9 deep elf death magi
  10 green draconians
  3 vampire knights
  10 purple draconians
  2 halazid warlocks (Desolation)
  12 white draconians
  A lorocyproca (Abyss:3)
  13 dire elephants
  10 red draconians
  5 war gargoyles
  A spark wasp (shapeshifter) (Depths:3)
  12 yellow draconians
  Azrael (Elf:2)
  A wendigo (Hell)
  7 crystal guardians
  3 green deaths
  3 eidola
  A blizzard demon (Abyss:3)
  17 fire dragons
  2 quicksilver dragon zombies (Crypt:3)
  16 ettins
  6 merfolk javelineers
  Josephine (D:13)
  An entropy weaver (D:14)
  9 deep elf high priests
  14 ragged hierophants (Desolation)
  15 merfolk impalers
  13 yaktaur captains
  An entropy weaver (shapeshifter) (D:15)
  12 great orbs of eyes
  4 spectral spriggans
  A hell beast (Depths:2)
  7 jiangshi
  A great orb of eyes (shapeshifter) (Abyss:3)
  6 servants of whispers (Desolation)
  37 vault guards
  10 ice dragons
  11 rakshasas
  3 hydras
  4 ghost crabs (Crypt:3)
  4 caustic shrike simulacra
  4 spriggan zombies
  2 salamander tyrants (Snake:4)
  3 spriggan air magi
  An anaconda (shapeshifter) (D:10)
  9 peacekeepers
  12 ironbound frosthearts
  4 ogre magi
  9 boulder beetles
  6 merfolk aquamancers
  2 alligators (Zot:4)
  9 anacondas
  4 death knights
  10 centaur warriors
  A stoker (Hell)
  18 naga warriors
  A catoblepas (Lair:2)
  3 merfolk avatars
  The ghost of robth the Cleaver, a novice MiFi of Makhleb (D:10)
  18 two-headed ogres
  2 fenstrider witch skeletons
  Urug (D:11)
  20 deep troll earth magi
  8 tengu warriors
  12 death yaks
  13 deep troll shamans
  3 hell hogs (Hell)
  8 satyrs
  7 spriggan berserkers
  8 orc high priests
  An occultist (Depths:2)
  2 spectral dire elephants
  A demonic crawler (Abyss:3)
  A spectral naga (Tar:3)
  8 vampire magi
  11 thrashing horrors
  4 soul eaters
  18 naga sharpshooters
  5 sun demons
  8 shock serpents
  12 skeletal warriors
  15 hell knights
  8 skysharks
  Amaemon (D:9)
  18 deep elf knights
  5 wretched stars (Abyss:3)
  A shock serpent (shapeshifter) (Depths:1)
  2 bunyip zombies
  8 shadow wraiths
  9 iron trolls
  2 anaconda zombies
  4 sixfirhies
  2 death drakes (Depths:3)
  21 sea snakes
  2 spectral anacondas
  3 salamander mystics
  16 mana vipers
  A spark wasp zombie (Crypt:2)
  A glowing orange brain (shapeshifter) (Vaults:1)
  A death drake (shapeshifter) (Abyss:3)
  A deep troll (shapeshifter) (Vaults:5)
  54 deep trolls
  5 glowing orange brains
  A mana viper (shapeshifter) (Vaults:5)
  Pikel (D:4)
  8 naga ritualists
  4 bog bodies
  9 deep elf archers
  28 ironbound convokers
  5 lindwurms
  12 flayed ghosts
  2 lindwurms (shapeshifter)
  10 orc knights
  A swamp dragon (shapeshifter) (D:15)
  3 cherubim
  5 arcanists
  An obsidian statue (IceCv)
  4 spriggan simulacra
  A broodmother zombie (Crypt:2)
  An orange crystal statue (Shoals:1)
  15 harpies
  15 phantasmal warriors
  32 deep elf zephyrmancers
  An anaconda skeleton (Crypt:1)
  5 orc sorcerers
  A harpy (shapeshifter) (D:14)
  37 deep elf pyromancers
  20 large abominations
  10 fauns
  A tengu zombie (Vaults:4)
  66 ugly things
  10 necromancers
  6 shining eyes
  7 worldbinders (Abyss:3)
  11 salamanders
  17 manticores
  A spectral ettin (Tar:2)
  17 cyclopes
  A centaur zombie (Crypt:1)
  A black mamba (shapeshifter) (Abyss:3)
  4 spectral centaurs
  11 merfolk sirens
  3 elephants (Lair:1)
  A stone giant skeleton (Crypt:3)
  33 moths of wrath
  6 meliai
  2 kobold blastminers (Orc:1)
  A fire giant skeleton (Depths:1)
  An apocalypse crab (Abyss:3)
  32 black mambas
  A torpor snail (shapeshifter) (D:15)
  3 water nymphs
  14 guardian serpents
  A molten gargoyle (Desolation)
  27 vault sentinels
  3 orange demons
  3 smoke demons (Abyss:3)
  A torpor snail (Lair:1)
  8 rust devils (Hell)
  18 naga magi
  2 water nymphs (shapeshifter)
  3 eyes of devastation
  6 gargoyles
  A shock serpent skeleton (Crypt:1)
  A naga skeleton (Crypt:3)
  8 unseen horrors (Abyss:3)
  4 hellions
  A cane toad (shapeshifter) (Lair:5)
  2 unseen horrors (shapeshifter)
  3 rime drakes
  2 centaur skeletons
  9 cane toads
  A dire elephant skeleton (Crypt:3)
  5 efreet
  A bunyip simulacrum (Hell)
  6 tormentors
  An iron troll zombie (Crypt:1)
  A rime drake (shapeshifter) (Vaults:5)
  11 komodo dragons
  A golden dragon simulacrum (IceCv)
  21 freezing wraiths
  47 yaktaurs
  45 dancing weapons
  2 anaconda simulacra (IceCv)
  A harpy zombie (Abyss:3)
  A merfolk (shapeshifter) (D:15)
  A guardian mummy (Zot:4)
  4 spectral harpies
  A spriggan skeleton (Depths:1)
  2 silent spectres
  7 wind drakes
  22 merfolk
  7 ancient zymes (Abyss:3)
  3 ice devils
  2 hydra zombies
  8 trolls
  A polar bear (Lair:1)
  A tarantella (shapeshifter) (D:15)
  2 glass eyes
  13 blink frogs
  A harpy skeleton (Hell)
  79 saltlings (Desolation)
  3 hornets
  5 alligator simulacra (IceCv)
  An iron dragon simulacrum (Hell)
  4 raiju
  2 dream sheep (Shoals:4)
  13 snapping turtles
  A raiju (shapeshifter) (D:15)
  A fire dragon zombie (Tar:1)
  108 slime creatures
  A jumping spider (Vaults:4)
  A wind drake (shapeshifter) (Vaults:1)
  A centaur simulacrum (D:14)
  2 air elementals
  3 dire elephant simulacra
  7 ynoxinuls
  9 spriggans
  A culicivora (Vaults:4)
  An ettin skeleton (Hell)
  20 water elementals
  5 wyverns
  19 wraiths
  5 shadows
  2 fire dragon skeletons (Crypt:3)
  5 fire elementals
  43 yaks
  4 vampires (Crypt:3)
  A tyrant leech zombie (Crypt:2)
  Eustachio (D:5)
  20 starcursed masses
  A yak (shapeshifter) (D:15)
  A golden eye (Slime:5)
  7 basilisks
  6 chaos spawn (Abyss:3)
  A human (D:14)
  10 neqoxecs
  3 wargs
  A steam dragon (D:10)
  6 redbacks
  A minotaur simulacrum (IceCv)
  8 vampire mosquitoes
  7 harpy simulacra
  3 naga zombies (Hell)
  19 water moccasins
  35 nagas
  A swamp worm (shapeshifter) (Vaults:4)
  An acid dragon (D:11)
  An acid dragon (shapeshifter) (Lair:5)
  Duvessa (D:5)
  28 orc warriors
  A hydra simulacrum (Hell)
  5 hell hounds
  A sky beast (D:6)
  3 black bears
  A glowing shapeshifter skeleton (Depths:1)
  55 laughing skulls
  3 ettin simulacra (IceCv)
  13 ogres
  2 ice beasts
  An ice beast (shapeshifter) (D:10)
  24 small abominations
  6 boggarts
  17 wolves
  17 centaurs
  A lemure (D:4)
  A rime drake zombie (Crypt:2)
  2 weeping skulls (Abyss:3)
  3 kobold brigands
  A phantom (D:5)
  9 bullfrogs
  2 necrophages (Crypt:1)
  A brain worm (Abyss:3)
  A salamander zombie (Crypt:1)
  A gnoll sergeant (D:11)
  5 scorpions
  A water moccasin zombie (Crypt:2)
  17 wights
  An earth elemental (Elf:2)
  5 lindwurm simulacra (IceCv)
  Dowan (D:5)
  A raiju zombie (Crypt:2)
  8 jellies
  A vampire bat (D:10)
  10 killer bees
  An electric eel (Snake:2)
  4 howler monkeys
  A bullfrog zombie (Crypt:1)
  8 hounds
  A quasit (Abyss:3)
  Crazy Yiuf (D:2)
  35 orc priests
  2 iron imps (Abyss:3)
  2 sleepcaps
  4 iguanas
  Natasha (thrice) (D:2)
  33 orc wizards
  10 hell rats
  A statue (D:9)
  10 gnolls
  4 adders
  3 river rats (D:10)
  2 shadow imps (D:6)
  3 white imps
  7 ufetubi
  2 ribbon worms
  63 orcs
  6 bats
  2 bat skeletons (D:10)
  3 bat zombies (D:10)
  5 endoplasms
  A giant cockroach (D:1)
  5 goblins
  2 hobgoblins
  7 jackals
  5 quokkas
  A quokka (shapeshifter) (D:10)
  5 ball pythons
  2 frilled lizards
  27 kobolds
  A quokka zombie (Crypt:1)
  3 rats
  4 aspiring fleshes
  A butterfly (Lair:5)
  A creeping inferno (Hell)
  2 fire vortices (Hell)
  14 starspawn tentacles (Abyss:3)
  12 tentacles
3228 creatures vanquished.

Vanquished Creatures (others)
  A yellow draconian (Zot:5)
  A two-headed ogre (Vaults:5)
  A sea snake (Shoals:4)
  A manticore (Shoals:3)
  A vault sentinel (Vaults:1)
  A saltling (Desolation)
  A redback (Vaults:5)
  An orc warrior (Orc:2)
  An ogre (Vaults:5)
  An ufetubus (Abyss:3)
  2 orcs
  4 lurking horrors (Abyss:3)
  22 starspawn tentacles
  32 tentacles
70 creatures vanquished.

Grand Total: 3298 creatures vanquished

Notes
Turn   | Place    | Note
-------+----------+-------------------------------------------
     0 | D:1      | cforsyth the Oni Shapeshifter began the quest for the Orb.
     0 | D:1      | Reached XP level 1. HP: 19/19 MP: 1/1
    68 | D:1      | Reached XP level 2. HP: 16/28 MP: 2/2
   597 | D:1      | Reached XP level 3. HP: 34/35 MP: 3/3
   886 | D:1      | Found Qideigac's Assorted Antiques.
   889 | D:1      | Bought a scroll labelled HAOSER OVEPS for 27 gold pieces
  1545 | D:2      | Reached XP level 4. HP: 36/45 MP: 4/4
  1631 | D:2      | Found a runed translucent door.
  1632 | D:2      | Noticed Crazy Yiuf
  1634 | D:2      | Noticed Natasha
  2024 | D:3      | Found a sparkling altar of Nemelex Xobeh.
  2386 | D:3      | Reached XP level 5. HP: 14/53 MP: 5/5
  3682 | D:4      | Reached XP level 6. HP: 52/63 MP: 6/6
  3816 | D:4      | Reached skill level 5 in Fighting
  4334 | D:4      | Reached XP level 7. HP: 65/72 MP: 7/7
  4507 | D:5      | Entered Level 5 of the Dungeon
  4624 | D:5      | Found a shimmering blue altar of Sif Muna.
  4667 | D:5      | Reached skill level 5 in Shapeshifting
  4674 | D:5      | Reached skill level 5 in Unarmed Combat
  4723 | D:5      | Noticed Eustachio
  4816 | D:5      | Killed Eustachio
  4817 | D:5      | Reached XP level 8. HP: 39/84 MP: 8/8
  4879 | D:5      | Noticed Pikel
  4902 | D:4      | Killed Pikel
  5348 | D:5      | Noticed Duvessa
  5364 | D:5      | Killed Duvessa
  5366 | D:5      | Noticed Dowan
  5369 | D:5      | Killed Dowan
  5451 | D:5      | Reached XP level 9. HP: 79/97 MP: 9/9
  5788 | D:5      | Found a burning altar of Makhleb.
  6044 | D:6      | Found a staircase to the Ecumenical Temple.
  6057 | Temple   | Entered the Ecumenical Temple
  6318 | D:6      | Found a bloodstained altar of Trog.
  6318 | D:6      | Found a basalt altar of Yredelemnul.
  6946 | D:6      | Reached skill level 10 in Fighting
  7328 | D:7      | Reached XP level 10. HP: 102/111 MP: 10/10
  7723 | D:8      | Found a glowing silver altar of Zin.
  8440 | D:9      | Found a radiant altar of Vehumet.
  8456 | D:9      | Noticed a two-headed ogre
  8464 | D:9      | Killed a two-headed ogre
  8620 | D:9      | Found a stormy altar of Qazlal.
  8680 | D:9      | Became a worshipper of Qazlal Stormbringer
  8781 | D:9      | Found a hide-covered altar of Uskayaw.
  8781 | D:9      | Found an ornate altar of the Wu Jian Council.
  8835 | D:9      | Noticed an orange demon
  8835 | D:9      | Noticed Amaemon
  8860 | D:9      | Killed an orange demon
  8914 | D:9      | Killed Amaemon
  8993 | D:9      | Reached XP level 11. HP: 124/124 MP: 11/11
  9424 | D:10     | Entered Level 10 of the Dungeon
  9437 | D:10     | Noticed a death yak
  9437 | D:10     | Noticed a death yak
  9438 | D:10     | Noticed a death yak
  9459 | D:9      | Killed a death yak
  9746 | D:10     | Found a staircase to the Orcish Mines.
  9981 | D:10     | Found a white marble altar of Elyvilon.
 10082 | D:10     | Reached * piety under Qazlal
 10130 | D:10     | Found an ancient bone altar of Kikubaaqudgha.
 10181 | D:10     | Found a staircase to the Lair.
 10189 | D:10     | Killed a death yak
 10203 | D:9      | Killed a death yak
 10204 | D:9      | Reached skill level 10 in Unarmed Combat
 10204 | D:9      | Reached skill level 10 in Shapeshifting
 10379 | D:10     | Noticed a skeletal warrior
 10380 | D:10     | Noticed a death knight
 10381 | D:10     | Found a snail-covered altar of Cheibriados.
 10842 | D:10     | Killed a skeletal warrior
 10999 | Lair:1   | Entered Level 1 of the Lair of Beasts
 11052 | Lair:1   | Noticed a death yak
 11069 | Lair:1   | Killed a death yak
 11070 | Lair:1   | Reached XP level 12. HP: 139/139 MP: 12/12
 11095 | Lair:1   | Noticed a death yak
 11095 | Lair:1   | Noticed a death yak
 11096 | Lair:1   | Noticed a death yak
 11108 | Lair:1   | Noticed a death yak
 11115 | Lair:1   | Noticed a death yak
 11260 | Lair:1   | Reached ** piety under Qazlal
 11270 | Lair:2   | Killed a death yak
 11402 | Lair:2   | Killed a death yak
 11484 | Lair:1   | Killed a death yak
 11490 | Lair:2   | Reached skill level 15 in Fighting
 12102 | Lair:1   | Killed a death yak
 12108 | Lair:1   | Killed a death yak
 12690 | Lair:2   | Reached XP level 13. HP: 127/152 MP: 13/13
 12691 | Lair:2   | Reached *** piety under Qazlal
 12817 | Lair:2   | Found a staircase to the Snake Pit.
 13645 | Lair:3   | Found a staircase to the Shoals.
 13709 | Lair:3   | Reached **** piety under Qazlal
 14563 | Lair:4   | Reached skill level 5 in Dodging
 14893 | Lair:4   | Found a viscous altar of Jiyva.
 14931 | Lair:4   | Reached ***** piety under Qazlal
 14985 | Lair:4   | Found a staircase to the Slime Pits.
 15331 | Lair:5   | Entered Level 5 of the Lair of Beasts
 15634 | Lair:5   | Reached XP level 14. HP: 162/162 MP: 14/14
 16106 | Lair:5   | Found a corrupted altar of Lugonu.
 16106 | Lair:5   | Found a one-way gate to the infinite horrors of the Abyss.
 16438 | Lair:5   | Noticed cforsyth's ghost (journeyman OnSh)
 16448 | Lair:5   | Found a bloodstained altar of Trog.
 16455 | Lair:5   | Found a transporter.
 16462 | Lair:5   | Found a transporter.
 16804 | D:10     | Found a runed translucent gate.
 16805 | D:10     | Found a runed translucent gate.
 16805 | D:10     | Found a runed translucent gate.
 16928 | D:10     | Found a runed translucent gate.
 16928 | D:10     | Found a runed translucent gate.
 16935 | D:10     | Found a runed translucent gate.
 16937 | D:10     | Noticed robth's ghost (novice MiFi)
 17030 | D:11     | Noticed Urug
 17036 | D:11     | Killed Urug
 17355 | D:12     | Got the Octavo of the Zephyr
 18652 | D:2      | Killed Natasha
 18654 | D:2      | Killed Crazy Yiuf
 18920 | D:2      | Noticed Natasha
 18924 | D:2      | Killed Natasha
 19165 | D:2      | Noticed Natasha
 19170 | D:2      | Killed Natasha
 19363 | Orc:1    | Entered Level 1 of the Orcish Mines
 19811 | Orc:1    | Found a transporter.
 19819 | Orc:1    | Reached ****** piety under Qazlal
 20107 | Orc:1    | Found a transporter.
 20149 | Orc:2    | Entered Level 2 of the Orcish Mines
 20238 | Orc:2    | Reached XP level 15. HP: 170/170 MP: 15/15
 20320 | Orc:2    | Found a staircase to the Elven Halls.
 20897 | Orc:2    | Found Usexoche's Armour Shop.
 20897 | Orc:2    | Found Jit Yzee's General Store.
 20898 | Orc:2    | Found Pexaran's Antique Armour Boutique.
 20908 | Orc:2    | Found Pinascho's Antique Armour Shop.
 21189 | Orc:1    | Found a runed translucent door.
 21189 | Orc:1    | Found a bloodstained altar of Trog.
 21189 | Orc:1    | Found the +8 Wrath of Trog {antimagic, *Rage Rampage}
 21511 | Orc:1    | Noticed a deep elf sorcerer
 21735 | Orc:1    | Noticed a deep elf elementalist
 21813 | Orc:1    | Identified the +10 great sword "Pygiwik" {antimagic, rElec
                  | Dex+3}
 21813 | Orc:1    | Noticed a deep elf elementalist
 21816 | Orc:1    | Identified the +4 plate armour "Qemu" {*Corrode Fly Int+2}
 22324 | Lair:5   | Killed cforsyth's ghost
 22735 | Orc:2    | Bought a potion of haste for 140 gold pieces
 22735 | Orc:2    | Bought a scroll of teleportation for 42 gold pieces
 23101 | D:13     | Noticed Josephine
 23107 | D:13     | Killed Josephine
 23421 | D:13     | Identified the +1 long sword "Oniho" {freeze, Fly Will+
                  | Str+2}
 24132 | D:14     | Reached skill level 10 in Dodging
 24251 | D:14     | Reached skill level 15 in Shapeshifting
 24377 | D:14     | Found an iron altar of Okawaru.
 24377 | D:14     | Noticed a tengu reaver
 24377 | D:14     | Noticed a tengu reaver
 24450 | D:14     | Killed a tengu reaver
 24451 | D:14     | Reached skill level 15 in Unarmed Combat
 24451 | D:14     | Reached XP level 16. HP: 165/185 MP: 16/16
 24468 | D:14     | Killed a tengu reaver
 24621 | D:14     | Identified the +2 rapier "Pyemewits" {drain, ^Drain Int+5}
 24622 | D:14     | Identified the +2 falchion of the Fuzzy God {heavy,
                  | *Corrode rPois rN++ MP+9}
 24981 | D:14     | Found a gate to the Vaults.
 25015 | D:15     | Entered Level 15 of the Dungeon
 25015 | D:15     | Identified a scroll of acquirement
 25195 | D:15     | Found a hide-covered altar of Uskayaw.
 25384 | D:15     | Identified the +5 flail of Enweatip {spect, Str+2 Int+4}
 25842 | D:15     | Noticed Roxanne
 25985 | D:15     | Found a staircase to the Depths.
 26035 | D:15     | Found a runed translucent gate.
 26035 | D:15     | Found a runed translucent gate.
 26035 | D:15     | Found a runed translucent gate.
 26249 | D:15     | Found a runed translucent gate.
 26249 | D:15     | Found a runed translucent gate.
 26252 | D:15     | Found a runed translucent gate.
 26260 | D:15     | Noticed Kidef's ghost (adept FoFi)
 26307 | D:15     | Killed Roxanne
 26464 | D:15     | Killed Kidef's ghost
 26472 | D:15     | Gained mutation: Armour fits poorly on your strangely
                  | shaped body. [a cacodemon]
 26503 | D:15     | Identified the +1 cloak "Vyppu" {Int+2 Slay+3}
 26755 | D:10     | Gained mutation: You sometimes lose your temper in combat.
                  | [a neqoxec]
 26765 | D:10     | Killed robth's ghost
 27083 | Snake:1  | Entered Level 1 of the Snake Pit
 27116 | Snake:1  | Reached XP level 17. HP: 202/202 MP: 12/17
 27176 | Snake:1  | Identified the serpent talisman of Parlour Games {rCorr
                  | Dex+3}
 27176 | Snake:1  | Noticed Aizul
 27196 | Snake:1  | Killed Aizul
 27440 | Snake:1  | Lost mutation: You sometimes lose your temper in combat.
                  | [potion of mutation]
 27440 | Snake:1  | Lost mutation: Armour fits poorly on your strangely shaped
                  | body. [potion of mutation]
 27440 | Snake:1  | Gained mutation: You are partially covered in iridescent
                  | scales. (AC +2) [potion of mutation]
 27440 | Snake:1  | Gained mutation: You have large cloven feet. [potion of
                  | mutation]
 27440 | Snake:1  | Gained mutation: Your flesh is cold resistant. (rC+)
                  | [potion of mutation]
 27440 | Snake:1  | Gained mutation: You possess an exceptional clarity of
                  | mind. [potion of mutation]
 27591 | Snake:1  | Identified the +8 long sword "Jellybane" {venom, rN++ Will-
                  | Int+4}
 27654 | Snake:1  | Found Gemeto's Weapon Boutique.
 28262 | Snake:2  | Identified the +5 short sword of Classification {pain, rC+
                  | rCorr}
 29426 | Snake:3  | Noticed Bai Suzhen
 29436 | Snake:3  | Killed Bai Suzhen
 29684 | Snake:3  | Found Tekh's Book Emporium.
 29693 | Snake:3  | Found Salon's Antique Armour Boutique.
 29700 | Snake:3  | Bought a pitted cloak for 199 gold pieces
 29700 | Snake:3  | Identified the -1 cloak "Put-Me-On" {Int+2} (You bought it
                  | in a shop on level 3 of the Snake Pit)
 29700 | Snake:3  | Found Biahai's Distillery.
 30418 | Snake:4  | Entered Level 4 of the Snake Pit
 30439 | Snake:4  | Reached XP level 18. HP: 219/219 MP: 9/18
 30450 | Snake:4  | Found the +8 pair of quick blades "Gyre" and "Gimble"
                  | {protect}
 30456 | Snake:4  | Reached skill level 1 in Invocations
 30478 | Snake:4  | Reached skill level 1 in Armour
 30500 | Snake:4  | Found a glacial archway.
 30508 | IceCv    | Entered an ice cave
 30724 | IceCv    | Found an ancient bone altar of Kikubaaqudgha.
 30847 | IceCv    | Noticed a lich
 30850 | IceCv    | Killed a lich
 31099 | IceCv    | Identified the ring of Abstinence {Fly rC- rN+ Stlth+}
 31392 | Snake:4  | Reached skill level 5 in Invocations
 31885 | Snake:4  | Noticed a quicksilver dragon
 31893 | Snake:4  | Killed a quicksilver dragon
 31946 | Snake:4  | Got a serpentine rune of Zot
 32398 | Shoals:1 | Entered Level 1 of the Shoals
 32417 | Shoals:1 | Reached XP level 19. HP: 234/234 MP: 18/23
 32511 | Shoals:1 | Noticed Donald
 32521 | Shoals:1 | Killed Donald
 32527 | Shoals:1 | Found a transporter.
 32582 | Shoals:1 | Identified the ring "Laonay" {*Corrode rF+ rN+ Will+ Dex+2}
 32590 | Shoals:1 | Found a transporter.
 32602 | Shoals:1 | Reached skill level 5 in Armour
 33166 | Shoals:1 | Identified the +0 helmet of Meopewn {rN+ Will+ rCorr}
 33177 | Shoals:1 | Identified the +0 helmet "Pyihuske" {rElec}
 33487 | Shoals:2 | Identified the ring "Sugengej" {rC+ Str+3}
 33815 | Shoals:3 | Found Eduyp's Weapon Boutique.
 33817 | Shoals:3 | Noticed Ilsuiw
 34184 | Shoals:3 | Killed Ilsuiw
 34718 | Shoals:4 | Entered Level 4 of the Shoals
 35446 | Shoals:4 | Reached XP level 20. HP: 212/249 MP: 26/26
 35830 | Shoals:4 | Found a glowing golden altar of the Shining One.
 35956 | Shoals:4 | Identified the +2 spear "Puhach" {venom, rF+ MP-9 Int+2
                  | SInv}
 36045 | Shoals:4 | Found a glowing silver altar of Zin.
 36251 | Shoals:4 | Found a white marble altar of Elyvilon.
 36264 | Shoals:4 | Got a barnacled rune of Zot
 36266 | Shoals:4 | Identified the +1 lajatang of Causality {freeze, rPois rN+}
 36517 | Vaults:1 | Entered Level 1 of the Vaults
 36678 | Vaults:1 | Reached skill level 10 in Invocations
 37310 | Vaults:1 | Found Taurushro's Assorted Antiques.
 37314 | Vaults:1 | Bought a scroll of blinking for 172 gold pieces
 37314 | Vaults:1 | Bought a potion of haste for 230 gold pieces
 37314 | Vaults:1 | Bought a scroll of teleportation for 69 gold pieces
 37782 | Vaults:1 | Identified the +6 swamp dragon scales of Vufama {rPois
                  | Int+6}
 37966 | Vaults:2 | Reached skill level 27 in Fighting
 37978 | Vaults:2 | Reached XP level 21. HP: 265/265 MP: 29/29
 38932 | Vaults:3 | Found a magical portal.
 38942 | WizLab   | Entered Tukima's Studio
 39050 | WizLab   | Noticed cforsyth's illusion
 39087 | WizLab   | Got the Teachings on Spellbinding
 39815 | Vaults:3 | Reached skill level 10 in Armour
 40077 | Vaults:3 | Found a staircase to the Crypt.
 40077 | Vaults:3 | Found a basalt altar of Yredelemnul.
 40078 | Vaults:3 | Found an ancient bone altar of Kikubaaqudgha.
 40472 | Vaults:4 | Found a crumbling gateway.
 40535 | Desolati | Entered the Desolation of Salt
 40569 | Desolati | Reached XP level 22. HP: 113/263 MP: 30/32
 40637 | Desolati | Identified the ring "Totiok" {rC+ Str+4 SInv}
 40663 | Desolati | HP: 8/357 [saltling (10)]
 40844 | Desolati | Got Lutapnyu's Compilation of Burning and Snow
 40909 | Desolati | Identified the ring "Zauklysu" {Fly rPois Str+2 Int-3
                  | Dex+4}
 41004 | Desolati | Identified the +6 fire dragon scales of the Stone Wall
                  | {rF++ rC- Str+3 Dex+5}
 41047 | Desolati | Got Recsitu's Meditations on Earthen Anathema
 41054 | Desolati | Identified the ring "Kulempoz" {rPois Str-5 Dex+9}
 41663 | Vaults:4 | Found Ytu Epree's Armour Boutique.
 42817 | Elf:1    | Entered Level 1 of the Elven Halls
 42821 | Elf:1    | Reached skill level 15 in Invocations
 43104 | Elf:1    | Reached XP level 23. HP: 284/284 MP: 34/34
 43312 | Elf:1    | Found Jen Mile's Assorted Antiques.
 43516 | Elf:1    | Identified the +1 spear of Toateh {protect, rPois rC+
                  | Str-3}
 43784 | Elf:2    | Found a flickering gateway to a bazaar.
 43789 | Bazaar   | Entered a bazaar
 43789 | Bazaar   | Found Zigreeli's Book Boutique.
 43828 | Bazaar   | Found Wustruil's Antique Armour Shoppe.
 43835 | Bazaar   | Found Hoosenuy's Weapon Shop.
 43851 | Bazaar   | Found Itexaw's Weapon Shop.
 43929 | Elf:2    | Noticed Agnes
 43936 | Elf:2    | Killed Agnes
 43985 | Elf:2    | Noticed Saint Roka
 43995 | Elf:2    | Killed Saint Roka
 44345 | Elf:2    | Found a runed translucent gate.
 44346 | Elf:2    | Found a runed translucent gate.
 44348 | Elf:2    | Found a runed translucent gate.
 44560 | Elf:2    | Noticed Norris
 44577 | Elf:2    | Killed Norris
 44586 | Elf:2    | Noticed Azrael
 44601 | Elf:2    | Killed Azrael
 45089 | Elf:3    | Entered Level 3 of the Elven Halls
 45181 | Abyss:2  | Cast into level 2 of the Abyss (a deep elf sorcerer)
 45191 | Abyss:3  | Found a corrupted altar of Lugonu.
 45293 | Abyss:3  | Found a corrupted altar of Lugonu.
 45306 | Elf:3    | Escaped the Abyss
 45461 | Elf:3    | Found a runed translucent door.
 45557 | Elf:3    | Found Quffil's Antique Weapon Boutique.
 45575 | Elf:3    | Identified the ring "Safuphu" {rC+ SInv}
 45619 | Elf:3    | Identified the ring of Nuras {*Slow rCorr Int+9 Slay-5}
 45620 | Elf:3    | Identified the +10 great sword "Escho" {elec, Int+2}
 45635 | Elf:3    | Reached XP level 24. HP: 290/290 MP: 34/34
 45637 | Elf:3    | Reached XP level 25. HP: 299/299 MP: 34/34
 45677 | Elf:3    | Acquired the scarf "Ybosk" {rC+ rF+, Str+2 Int+3}
 45700 | Elf:3    | Identified the +10 plate armour of the Sneaky Wonders
                  | {rElec rPois}
 45986 | Abyss:3  | Cast into level 3 of the Abyss (a deep elf demonologist)
 46199 | Abyss:3  | Noticed a dread lich
 46206 | Abyss:3  | Killed a dread lich
 46209 | Abyss:3  | Paralysed by accursed screaming for 1 turns
 46211 | Elf:3    | Escaped the Abyss
 46322 | Elf:3    | Identified the +0 robe of Felu {Rampage Str-4 Archmagi}
 46323 | Elf:3    | Identified the +6 orcbow "Ynac" {heavy, Dex+3}
 46426 | Elf:3    | Noticed ShellytheWitch's ghost (veteran KoBr)
 46631 | Elf:3    | Killed ShellytheWitch's ghost
 47057 | Vaults:5 | Entered Level 5 of the Vaults
 47625 | Vaults:5 | Identified the ring "Ruutriba" {rF+ MP+9 Str+4 Dex+4}
 47630 | Vaults:5 | Reached XP level 26. HP: 309/309 MP: 34/34
 47649 | Vaults:5 | Identified the +1 orcbow of Dividends {flame, ^Fragile
                  | rPois rF+}
 47658 | Vaults:5 | Identified the staff "Wext" {rN+ rCorr Necro}
 48010 | Vaults:5 | Identified the +0 scale mail "Iwkaip" {rElec Int+3 Dex-2
                  | SInv}
 48010 | Vaults:5 | Identified the +10 scimitar "Sarcophage" {freeze, rPois
                  | Str-5 Dex+2}
 48011 | Vaults:5 | Identified the staff of Valour {rPois Dex+4 Alchemy}
 48024 | Vaults:5 | Identified the staff of Vanity {rPois Earth}
 48551 | Vaults:5 | Found Kutaik's Magic Scroll Emporium.
 48557 | Vaults:5 | Identified the +1 spear of Niafosog {holy, Str+4}
 48605 | Vaults:5 | Noticed an ancient lich
 48609 | Vaults:5 | Killed an ancient lich
 49028 | Vaults:5 | Got a silver rune of Zot
 49365 | Depths:1 | Entered Level 1 of the Depths
 49554 | Depths:1 | Found a gateway to Hell.
 49808 | Depths:1 | Identified the ring of the Clam {rPois rN+ MP+9 Str+3}
 49867 | Depths:1 | Found the +3 pair of mountain boots {steadfast, rC+}
 49874 | Depths:1 | Identified the +10 dagger "Situryul" {freeze, *Noise rPois
                  | Will++ rCorr}
 50001 | Depths:1 | Identified the ring of Incredulity {rCorr Dex+6}
 50671 | Depths:2 | Found a portal to a secret trove of treasure.
 50816 | Depths:2 | Noticed an ancient lich
 50822 | Depths:2 | Killed an ancient lich
 50855 | Depths:2 | Noticed an ancient lich
 50858 | Depths:2 | Killed an ancient lich
 50867 | Depths:2 | Found a faded altar of an unknown god.
 50871 | Depths:2 | Identified the +2 falchion of the Endless Expanse {flame,
                  | Dex+2}
 50926 | Depths:2 | Reached XP level 27. HP: 323/323 MP: 34/34
 51103 | Depths:2 | Found a one-way gate leading to the halls of Pandemonium.
 51489 | Depths:3 | Noticed a juggernaut
 51770 | Depths:3 | Killed a juggernaut
 51856 | Depths:3 | Noticed a juggernaut
 51859 | Depths:3 | Noticed a juggernaut
 51862 | Depths:3 | Killed a juggernaut
 51866 | Depths:3 | Killed a juggernaut
 51943 | Depths:3 | Noticed a juggernaut
 51951 | Depths:3 | Killed a juggernaut
 52258 | Depths:3 | Found a one-way gateway to a ziggurat.
 52730 | Depths:3 | Found a glowing golden altar of the Shining One.
 52787 | Depths:3 | Voluntarily entered the Abyss.
 52790 | Abyss:3  | Found a corrupted altar of Lugonu.
 53056 | Depths:3 | Escaped the Abyss
 53058 | Depths:3 | Voluntarily entered the Abyss.
 53092 | Abyss:3  | Found a stormy altar of Qazlal.
 53157 | Depths:3 | Escaped the Abyss
 53159 | Depths:3 | Voluntarily entered the Abyss.
 53284 | Abyss:3  | Got an abyssal rune of Zot
 53370 | Depths:3 | Escaped the Abyss
 53698 | Crypt:1  | Entered Level 1 of the Crypt
 54132 | Crypt:1  | Found a large runed translucent door.
 54132 | Crypt:1  | Found a large runed translucent door.
 54133 | Crypt:1  | Noticed Zogul's ghost (veteran MiGl)
 54827 | Crypt:1  | Killed Zogul's ghost
 55090 | Crypt:2  | Noticed Sojobo
 55094 | Crypt:2  | Killed Sojobo
 55456 | Crypt:3  | Entered Level 3 of the Crypt
 56128 | Crypt:3  | Noticed Vv
 56138 | Crypt:3  | Killed Vv
 56286 | Crypt:3  | Found an ancient bone altar of Kikubaaqudgha.
 56314 | Crypt:3  | Noticed a dread lich
 56318 | Crypt:3  | Killed a dread lich
 56325 | Crypt:3  | Identified the amulet of Ruatz {Spirit rElec Dex+2 Slay+2}
 56363 | Crypt:3  | Got the Papyrus of Torrid Glaciation
 56649 | Crypt:3  | Found a staircase to the Tomb.
 56735 | Crypt:3  | Got the Elucidation of Shades
 56736 | Crypt:3  | Identified the +8 scimitar "Ywaol" {antimagic, ^Drain rC+
                  | Str+9 Dex-3}
 57408 | Hell     | Entered the Vestibule of Hell
 57408 | Hell     | Noticed Geryon
 57592 | Hell     | Reached skill level 27 in Unarmed Combat
 57595 | Hell     | Reached skill level 27 in Shapeshifting
 57600 | Hell     | Reached skill level 1 in Spellcasting
 57605 | Hell     | HP: 20/419 [hell beast[Geryon] (14)]
 57641 | Hell     | Killed Geryon
 57802 | Hell     | Found a gateway to the Iron City of Dis.
 58065 | Hell     | Found a gateway to the ashen valley of Gehenna.
 58171 | Hell     | Paralysed by a wendigo for 1 turns
 58181 | Hell     | Found a gateway to the freezing wastes of Cocytus.
 58194 | Hell     | Paralysed by a wendigo for 1 turns
 58252 | Hell     | Found a gateway to the decaying netherworld of Tartarus.
 58551 | Depths:4 | Entered Level 4 of the Depths
 58556 | Depths:4 | Reached skill level 5 in Spellcasting
 58574 | Depths:4 | Noticed SlowGraham's ghost (veteran MiFi)
 58585 | Depths:4 | Found a transporter.
 58604 | Depths:4 | Reached skill level 1 in Fire Magic
 58638 | Depths:4 | Found Lylotzeu's Weapon Emporium.
 58895 | Depths:4 | Found Nyejyizei's Magic Scroll Boutique.
 58898 | Depths:4 | Bought a scroll of teleportation for 39 gold pieces
 58898 | Depths:4 | Bought a scroll of teleportation for 39 gold pieces
 58937 | Depths:4 | Found Farchawn's Antique Weapon Emporium.
 58942 | Depths:4 | Noticed Margery
 58953 | Depths:4 | Killed Margery
 59038 | Depths:4 | Found Imul's Jewellery Shop.
 59063 | Depths:4 | Found a transporter.
 59216 | Depths:4 | Found a gate to the Realm of Zot.
 59269 | Depths:4 | Reached skill level 5 in Fire Magic
 59512 | Zot:1    | Entered Level 1 of the Realm of Zot
 59611 | Zot:1    | Identified the +0 robe of Lefesch {rElec rCorr Str+3}
 60391 | Zot:2    | Reached skill level 10 in Spellcasting
 60589 | Zot:2    | Noticed an orb of fire
 60590 | Zot:2    | Gained mutation: Your body sometimes deteriorates upon
                  | taking damage. [an orb of fire]
 60591 | Zot:2    | Gained mutation: You are vulnerable to heat. (rF-) [an orb
                  | of fire]
 60597 | Zot:2    | Killed an orb of fire
 62383 | Zot:4    | Reached skill level 10 in Fire Magic
 63516 | Zot:4    | Noticed an orb of fire
 63525 | Zot:4    | Killed an orb of fire
 63945 | Zot:5    | Entered Level 5 of the Realm of Zot
 64006 | Zot:5    | Reached skill level 15 in Spellcasting
 64408 | Zot:5    | Noticed a dread lich
 64416 | Zot:5    | Killed a dread lich
 64431 | Zot:5    | Noticed an orb of fire
 64502 | Zot:5    | Noticed a dread lich
 64513 | Zot:5    | Killed a dread lich
 64626 | Zot:5    | Noticed an orb of fire
 64632 | Zot:5    | Lost mutation: You possess an exceptional clarity of mind.
                  | [an orb of fire]
 64633 | Zot:5    | Killed an orb of fire
 64663 | Zot:5    | Gained mutation: You sometimes lose your temper in combat.
                  | [an orb of fire]
 64665 | Zot:5    | Killed an orb of fire
 64666 | Zot:5    | Noticed a dread lich
 64669 | Zot:5    | Killed a dread lich
 64710 | Zot:5    | Gained mutation: You are very vulnerable to heat. (rF--)
                  | [mutagenic glow]
 64719 | Zot:5    | Noticed a dread lich
 64724 | Zot:5    | Killed a dread lich
 64726 | Zot:5    | Gained mutation: Your magical capacity is low. (-10% MP)
                  | [mutagenic glow]
 64753 | Zot:5    | Noticed an orb of fire
 64756 | Zot:5    | Gained mutation: Your body often deteriorates upon taking
                  | damage. [an orb of fire]
 64757 | Zot:5    | Gained mutation: Armour fits poorly on your strangely
                  | shaped body. [an orb of fire]
 64758 | Zot:5    | Killed an orb of fire
 64759 | Zot:5    | Lost mutation: You are partially covered in iridescent
                  | scales. (AC +2) [potion of mutation]
 64759 | Zot:5    | Lost mutation: Your body often deteriorates upon taking
                  | damage. [potion of mutation]
 64759 | Zot:5    | Lost mutation: Your magical capacity is low. (-10% MP)
                  | [potion of mutation]
 64759 | Zot:5    | Lost mutation: Your flesh is cold resistant. (rC+) [potion
                  | of mutation]
 64759 | Zot:5    | Gained mutation: Your body often deteriorates upon taking
                  | damage. [potion of mutation]
 64759 | Zot:5    | Gained mutation: You are covered in fur. (AC +1) [potion of
                  | mutation]
 64760 | Zot:5    | Lost mutation: You are covered in fur. (AC +1) [potion of
                  | mutation]
 64760 | Zot:5    | Lost mutation: Your body often deteriorates upon taking
                  | damage. [potion of mutation]
 64760 | Zot:5    | Gained mutation: You are somewhat resistant to further
                  | mutation. [potion of mutation]
 64761 | Zot:5    | Lost mutation: You have large cloven feet. [potion of
                  | mutation]
 64761 | Zot:5    | Lost mutation: You sometimes lose your temper in combat.
                  | [potion of mutation]
 64762 | Zot:5    | Lost mutation: You are very vulnerable to heat. (rF--)
                  | [potion of mutation]
 64762 | Zot:5    | Lost mutation: Armour fits poorly on your strangely shaped
                  | body. [potion of mutation]
 64762 | Zot:5    | Gained mutation: You occasionally shout uncontrollably at
                  | your foes. [potion of mutation]
 64763 | Zot:5    | Lost mutation: Your body sometimes deteriorates upon taking
                  | damage. [potion of mutation]
 64763 | Zot:5    | Lost mutation: You are vulnerable to heat. (rF-) [potion of
                  | mutation]
 64872 | Zot:5    | Noticed an ancient lich
 64879 | Zot:5    | Killed an ancient lich
 64986 | Zot:5    | Noticed a dread lich
 64992 | Zot:5    | Killed a dread lich
 65292 | Zot:5    | Learned a level 2 spell: Blink
 66312 | Slime:1  | Entered Level 1 of the Pits of Slime
 66332 | Slime:1  | Reached skill level 1 in Shields
 67191 | Slime:2  | You fall into a shaft and drop 2 floors!
 67195 | Slime:3  | Noticed Dissolution
 67206 | Slime:2  | Reached skill level 15 in Fire Magic
 67736 | Slime:2  | Killed Dissolution
 68561 | Slime:3  | Reached skill level 5 in Shields
 68735 | Slime:5  | Entered Level 5 of the Pits of Slime
 68798 | Slime:5  | Noticed the Royal Jelly
 69633 | Slime:5  | Found a viscous altar of Jiyva.
 70805 | Slime:5  | Killed the Royal Jelly
 70855 | Slime:5  | Identified the amulet "Otis" {Regen+ Str+4 Int+5}
 70874 | Slime:5  | Identified the +5 short sword of Pushahoc {heavy, rElec
                  | rCorr SInv Stlth-}
 70877 | Slime:5  | Identified the amulet of Tempters {Reflect rElec rC++ SH+5}
 70957 | Slime:5  | Got a slimy rune of Zot
 71025 | Slime:5  | Found the sphere of Battle
 71430 | Tar:1    | Entered Level 1 of Tartarus
 71460 | Tar:1    | Reached skill level 1 in Conjurations
 71568 | Tar:2    | Noticed an ancient lich
 71569 | Tar:2    | You fall into a shaft and drop 1 floor!
 71574 | Tar:3    | Noticed an ancient lich
 71576 | Tar:3    | Noticed a dread lich
 71579 | Tar:3    | Noticed an ancient lich
 71588 | Tar:3    | Noticed a dread lich
 71589 | Tar:3    | Noticed a dread lich
 71590 | Tar:3    | Paralysed by a dread lich for 3 turns
 71601 | Hell     | Killed a dread lich
 71900 | Tar:2    | Killed an ancient lich
 72039 | Tar:2    | Reached skill level 5 in Conjurations
 72141 | Hell     | Killed a dread lich
 72226 | Hell     | Killed a dread lich
 72256 | Tar:3    | Killed an ancient lich
 72268 | Hell     | Killed an ancient lich
 73062 | Tar:4    | Reached skill level 10 in Shields
 73366 | Tar:5    | Killed from afar by a Tzitzimitl

Illustrated notes

Levels and vault maps discovered:
D:1:      co_arrival_square_in_a_square_in_a_square, layout_loops_corners,
          serial_shops, nicolae_shop_real_fake_doors, supply_closet_lemuel,
          minmay_pentomino_o4
D:2:      layout_loops_cross, uniq_crazy_yiuf_cottage, uniq_natasha
D:3:      layout_loops_corners, mainiacjoe_overflow_six_doors_small
D:4:      layout_basic
D:5:      black_bear_nest_2, layout_loops_corners, lightli_temple_of_fire,
          mainiacjoe_overflow_24_doors, st_stairs_4, uniq_pikel, uniq_duvessa,
          uniq_eustachio
D:6:      layout_gridville, mainiacjoe_overflow_large_starburst,
          minmay_temple_entry_waves, serial_demonic, serial_demonic_f,
          serial_demonic_b, serial_demonic_d, serial_demonic_b,
          chequers_serial_rivers_large_b, kennysheep_generic_room_13
D:7:      layout_rooms
D:8:      layout_basic, mainiacjoe_overflow_tiny_flanked
D:9:      layout_basic, vehumet_statue, nicolae_qazlal_scattered_showers,
          amethyst_overflow_temple_binary, uniq_amaemon
D:10:     layout_loops_ring, elyvilon_altar_3, slow_altar_1,
          kennysheep_vampire_church, dpeg_lair_monsters, david_orc_3,
          ploomutoo_gammafunk_ghost_potion_laboratory
D:11:     layout_basic, uniq_urug
D:12:     layout_roguey
D:13:     layout_basic, uniq_josephine
D:14:     layout_basic, grunt_vaults_entry_fortified, serial_park_avenue1,
          minmay_liquid_box, mainiacjoe_okawaru_digging_arena
D:15:     hangedman_depths_entry_try_elsewhere_first, layout_rooms,
          ploomutoo_gammafunk_ghost_potion_laboratory,
          eat_drink_and_be_merry_uskayaw, uniq_roxanne
Temple:   hellmonk_temple_forest_ring
Lair:1:   layout_regular_city, grunt_megastairs_5, serial_bayou_shore_b
Lair:2:   layout_concentric_octagons, minmay_snake_entry_six_corridors,
          nicolae_lair_grove_arrangements, grunt_megastairs_4,
          serial_bayou_shore_b
Lair:3:   layout_regular_city, minmay_shoals_entry_centaurs, grunt_megastairs_2,
          serial_bayou_shore_b
Lair:4:   layout_loops_ring, nicolae_slime_entry_field_trip
Lair:5:   hellmonk_lair_end_abyssal_woods, layout_cave_pods,
          gammafunk_ghost_wrathful_warriors, lemuel_fruit_fields
Shoals:1: gammafunk_sealed_arena, layout_shoals, nicolae_shoals_loop_pool,
          uniq_donald
Shoals:2: layout_shoals, nicolae_shoals_dead_sea_scrolls
Shoals:3: layout_shoals, serial_shops, shop, st_shoals_ruin, uniq_ilsuiw
Shoals:4: shoals_end_hellmonk_holy_island
Snake:1:  layout_onion_interference, serial_shops, shop,
          hangedman_snake_sidewinding, uniq_aizul
Snake:2:  layout_basic, grunt_megastairs_1, serial_bayou_shore_a,
          lemuel_fruit_tree
Snake:3:  layout_layer_cave, serial_shops, shop, nicolae_twisty_statue_hallways,
          minmay_shoptagon, uniq_bai_suzhen
Snake:4:  hellmonk_snake_rune_quicksilver_temple, layout_cave_town,
          portal_ice_cave_entry_ugly_swarm
Slime:1:  layout_caves
Slime:2:  layout_caves
Slime:3:  layout_caves, uniq_dissolution
Slime:4:  layout_caves
Slime:5:  slime_pit_nicolae_inversion
Orc:1:    emtedronai_trogs_sanctum, layout_caves, basic_altar
Orc:2:    st_orc_mages, layout_diamond_mine
Elf:1:    minmay_elf_arrival_summoners, layout_geoelf_diagonals, serial_shops,
          nicolae_shop_back_alley_shop, hangedman_elven_crosses_minicolossus,
          grunt_ministairs_2
Elf:2:    elven_hall_of_blades_hangedman_original
          [nicolae_blade_entry_diamond_columns], layout_gridlike, serial_shops,
          bzr_entry_road, uniq_norris, uniq_agnes, uniq_azrael, uniq_saint_roka
Elf:3:    minmay_elf_hall_quartered_circle, layout_gridlike,
          ebering_ghost_reflecting_pool, serial_shops, shop
Vaults:1: nicolae_vaults_offset_grid_hallway_3, v_pattern_2,
          nicolae_vaults_sesquioval_fish, v_misc_18,
          nicolae_vaults_storage_closets_1, dpeg_vaults_pockets_of_resistance,
          v_misc_15, hangedman_vaults_slice,
          nicolae_vaults_trapezoid_lopsided_1, v_misc_23, vaults_room_door_ring,
          nicolae_vaults_trapezoid_lopsided_1, ontoclasm_vaults_ring_square,
          ontoclasm_vaults_spin, nicolae_vaults_angled_halls,
          layout_vaults_maze, serial_shops, shop
Vaults:2: vaults_mumra_minichess_inversion, v_misc_4, v_misc_9,
          vaults_room_fours, vaults_room_boxed,
          nicolae_vaults_diagonal_hallway_7,
          vaults_standard_mumra_enter_the_diamond, ontoclasm_vaults_ring_square,
          vaults_room_octagon, nicolae_vaults_angled_halls,
          nicolae_vaults_tetromino_Z_1, nicolae_vaults_trapezoid_4,
          layout_vaults_ring
Vaults:3: infiniplex_enter_wizlab_glasses, minmay_crypt_entry_necro_gods,
          ontoclasm_vaults_decontamination, nicolae_vaults_double_plus_1,
          v_misc_27, nicolae_vaults_more_shelving_2,
          nicolae_vaults_c_with_doors, nicolae_vaults_mini_display_case,
          layout_vaults_quadrants
Vaults:4: portal_desolation_entry_garden, nicolae_vaults_gold_heap,
          nicolae_vaults_rhombus_6, nicolae_vaults_closet_pinwheel_5,
          minmay_orc_keep, nicolae_vaults_door_testing_chamber,
          nicolae_vaults_taking_the_gang_shopping, v_misc_28,
          nicolae_vaults_what_the_h, vaults_dpeg_diagonal,
          layout_vaults_omnicross
Vaults:5
Crypt:1:  layout_basic, ebering_ghost_disaster_area, grunt_megastairs_3,
          grunt_crypt_arrival_webbed
Crypt:2:  layout_rooms, nicolae_crypt_lounge_for_the_living, uniq_sojobo
Crypt:3:  quadcrypt_mu, uniq_vv
Depths:1: layout_gridlike, chequers_serial_rivers_micro_b, hell_entry,
          serial_glass, glass_columns_a, glass_columns_c, grunt_ministairs_7,
          minmay_multi_spiral
Depths:2: regret_index_infernal_bastille, layout_cave_shapes,
          nicolae_trove_entry_isolated, rand_demon_pan_entry_9,
          chequers_serial_rivers_marsh, hangedman_geh_valley,
          minmay_misc_feat_roman, serial_bayou_pond_d, lemuel_nasty_fountain,
          infiniplex_staircase_trident
Depths:3: lemuel_castle_with_subvaults [lemuel_castle_interior_carwin_1],
          layout_basic, enter_ziggurat_c, rand_demon_pan_entry_4, tso_altar,
          hangedman_abyss_entry_splay, hell_entry, minivault_21, nrook_campfire,
          minmay_misc_feat_doors, infiniplex_staircase_spiral
Depths:4: grunt_twist_and_shout, layout_basic, serial_shops, shop,
          nicolae_shop_rolled_up, shop, shop_fountains, hell_entry,
          gammafunk_ghost_berserking_beasts, abyss_entry, dk_noncrumbling_3,
          uniq_josephina, uniq_margery
Hell
Tar:1:    hangedman_restless_catacombs
Tar:2:    layout_grid_maze
Tar:3:    layout_grid_maze, nicolae_tar_liches_on_tour
Tar:4:    layout_cathedral_of_symmetry
Tar:5:    layout_cathedral_of_symmetry, nicolae_tar_cuneiform_to_be
Zot:1:    layout_concentric_octagons, bh_zot_levy_curve
Zot:2:    layout_cathedral_of_symmetry
Zot:3:    layout_misc_corridors,
          regret_index_zotdec_abyssal_contain_seething_sorcery
Zot:4:    layout_basic, regret_index_zotdec_ceiling_fans,
          hangedman_player_shredder
Zot:5:    layout_cathedral_of_symmetry

Skill      XL: |  1  2  3  4  5  6  7  8  9 10 11 12 13 14 15 16 17 18 19 20 21 22 23 24 25 26 27 |
---------------+----------------------------------------------------------------------------------+-----
Dodging        | 2 6 8 10 11 12 13 | 13.2
Fighting       | 2 3 4 5 6 8 10 12 14 16 18 20 22 24 25 27 | 27.0
Unarmed Combat | 3 4 5 6 7 9 10 11 12 14 15 16 17 18 19 21 22 24 27 | 27.0
Shapeshifting  | 4 5 6 7 9 10 11 13 14 15 16 17 18 19 21 22 24 27 | 27.0
Invocations    | 6 9 11 13 15 | 15.1
Armour         | 4 6 8 10 11 12 | 12.6
Spellcasting   | 19 | 19.2
Fire Magic     | 15 | 15.9
Shields        | 10 | 10.5
Conjurations   | 8 |  8.1

Action                     |  1- 3 |  4- 6 |  7- 9 | 10-12 | 13-15 | 16-18 | 19-21 | 22-24 | 25-27 || total
---------------------------+-------+-------+-------+-------+-------+-------+-------+-------+-------++-------
  Melee: Unarmed           |    90 |   121 |   214 |   379 |   871 |   730 |   744 |   688 |  2591 ||  6428
         Headbutt          |     9 |    20 |    18 |       |       |    82 |   158 |   137 |   663 ||  1087
         Punch             |     1 |     4 |     2 |       |       |    44 |    74 |    82 |   313 ||   520
         Constrict         |       |       |    27 |    80 |   185 |    48 |       |       |       ||   340
         Kick              |       |       |       |       |       |   135 |   282 |   228 |   710 ||  1355
 Invoke: Disaster Area     |       |       |       |       |       |       |       |       |     7 ||     7
  Evoke: Wand              |       |       |     7 |     3 |     4 |     1 |       |     1 |     2 ||    18
    Use: Potion            |       |     1 |     1 |     1 |       |     2 |     1 |     9 |    10 ||    25
         Scroll            |       |       |    12 |     2 |    15 |     3 |     7 |     8 |    20 ||    67
   Stab: Sleeping          |       |     1 |       |       |       |       |       |       |       ||     1
         Distracted        |       |       |       |       |     1 |       |     1 |       |       ||     2
         Invisible         |       |       |       |       |       |       |       |       |     1 ||     1
 Armour: Animal skin       |    61 |    77 |    98 |       |       |       |       |       |       ||   236
         Skin              |       |     1 |   111 |   323 |   575 |   836 |  1379 |   946 |  2427 ||  6598
         Swamp dragon scal |       |       |       |       |       |       |       |       |   475 ||   475
  Dodge: Dodged            |    46 |    44 |   111 |   147 |   383 |   458 |   760 |   445 |  1482 ||  3876
         Repelled          |       |       |       |       |    10 |    50 |    22 |    17 |    64 ||   163
  Block: Other             |       |       |       |    18 |   193 |   286 |   377 |   264 |   586 ||  1724
         Kite shield       |       |       |       |       |       |       |       |       |   470 ||   470
         Reflection        |       |       |       |       |       |       |       |       |     6 ||     6
   Form: Serpent           |       |       |     1 |     1 |       |     1 |       |       |       ||     3
         Blade             |       |       |       |     1 |       |       |       |       |       ||     1
         Statue            |       |       |       |       |       |     2 |     1 |       |       ||     3
                           |       |       |       |       |       |     1 |       |       |       ||     1
         Death             |       |       |       |       |       |       |     1 |       |     1 ||     2

Table legend: (Time is in decaauts)
 A = Elapsed time spent in this place.
 B = Non-inter-level travel time spent in this place.
 C = Inter-level travel time spent in this place.
 D = Time resting spent in this place.
 E = Time spent auto-exploring this place.
 F = Levels seen in this place.
 G = Mean time per level.
                   A        B        C        D        E       F      G
               +--------+--------+--------+--------+--------+-----+--------+
         Total |  89773 |  81946 |   7827 |  12073 |  52342 |  72 | 1246.8 |
       Dungeon |  20120 |  17104 |   3016 |   2601 |  11329 |  15 | 1341.3 |
        Temple |      8 |      8 |      0 |      0 |      4 |   1 |    8.0 |
          Lair |   7197 |   6256 |    941 |    950 |   4132 |   5 | 1439.4 |
        Shoals |   5765 |   5518 |    247 |   1672 |   2532 |   4 | 1441.2 |
     Snake Pit |   6323 |   5953 |    370 |      8 |   4800 |   4 | 1580.8 |
    Slime Pits |   4649 |   4580 |     69 |   2058 |   1457 |   5 |  929.8 |
  Orcish Mines |   2604 |   2213 |    391 |    585 |   1019 |   2 | 1302.0 |
   Elven Halls |   4943 |   4755 |    188 |    233 |   3145 |   3 | 1647.7 |
        Vaults |  10318 |   9031 |   1287 |   1438 |   5797 |   5 | 2063.6 |
         Crypt |   4994 |   4847 |    147 |    574 |   3565 |   3 | 1664.7 |
        Depths |   7074 |   6341 |    733 |    262 |   4926 |   4 | 1768.5 |
          Hell |   2096 |   2030 |     66 |   1048 |    646 |   1 | 2096.0 |
      Tartarus |   1048 |    923 |    125 |     34 |    577 |   5 |  209.6 |
           Zot |   8395 |   8153 |    242 |    239 |   6601 |   5 | 1679.0 |
         Abyss |   1213 |   1213 |      0 |      0 |    394 |   6 |  202.2 |
        Bazaar |    160 |    160 |      0 |      0 |     94 |   1 |  160.0 |
      Ice Cave |   1069 |   1069 |      0 |     28 |    535 |   1 | 1069.0 |
        Wizlab |    439 |    439 |      0 |     19 |    178 |   1 |  439.0 |
    Desolation |   1350 |   1350 |      0 |    315 |    607 |   1 | 1350.0 |
               +--------+--------+--------+--------+--------+-----+--------+

Top non-repeatable levels by time:
Vaults:4: 2898 daAuts
    D:14: 2588 daAuts
 Crypt:3: 2398 daAuts
   Zot:4: 2300 daAuts
Vaults:3: 2174 daAuts
Shoals:3: 2161 daAuts
    Hell: 2096 daAuts
Depths:3: 2088 daAuts
   Zot:2: 2015 daAuts
    D:10: 1998 daAuts
Depths:2: 1940 daAuts
 Crypt:1: 1934 daAuts
   Zot:5: 1925 daAuts
 Snake:3: 1920 daAuts
Vaults:1: 1892 daAuts
